AoeStats
← karthiksandy19

Baltic

511100905Analyzed
2v2 RM · 5h ago on Oct 3, 2026· 115m 49s· 4 players
Game mode
Random Map
Map size
Medium (4 player)
Population
200
Speed
Normal
Resources
Standard
Victory
Conquest
Starting age
Dark Age
Ending age
Imperial Age
RankedLock teamsTeams togetherTeam positionsShared explorationLock speedFull tech treeHidden civsTurbo modeCheats
Victory
Defeat
🇮🇳 Chinese · India
412
+15
🇲🇽 Spanish · Mexico
375
+17
🇦🇷 Chinese · Argentina
396
-16
🇦🇷 Vikings · Argentina
395
-16
Conejo Malo
0:31 Loom
12:13 Feudal Age
13:20 Double-Bit Axe
22:15 Castle Age
21:33 Fishing Lines
22:38 Horse Collar
26:38 Wheelbarrow
28:24 Heavy Plow
28:18 Gold Mining
29:27 Gillnets
30:36 Ballistics
30:33 Bow Saw
30:24 Stone Mining
32:33 Hand Cart
36:51 Fletching
37:12 Padded Archer Armor
37:44 Careening
37:38 Heated Shot
42:43 Imperial Age
41:48 Thumb Ring
44:44 Chemistry
43:47 Bodkin Arrow
44:10 Leather Archer Armor
44:01 Scale Barding Armor
44:08 Forging
43:30 Crossbowman
46:05 Rocketry
48:37 Bracer
48:59 Chain Barding Armor
49:15 Iron Casting
48:42 Scale Mail Armor
49:48 Conscription
48:49 Elite Chu Ko Nu
49:29 Pikeman
50:11 Squires
50:39 Halberdier
51:52 Dry Dock
53:20 Masonry
55:41 Blast Furnace
55:16 Plate Barding Armor
55:13 Ring Archer Armor
55:50 Capped Ram
57:59 Siege Ram
61:10 Chain Mail Armor
64:24 Bloodlines
64:15 Husbandry
63:36 Cavalier
81:50 Plate Mail Armor
87:50 Heavy Rocket Cart
93:57 Light Cavalry
vortice_anonimo
12:43 Feudal Age
13:22 Double-Bit Axe
13:32 Gold Mining
13:26 Horse Collar
20:49 Castle Age
20:30 Stone Mining
22:19 Heavy Plow
22:33 Bow Saw
23:03 Gold Shaft Mining
30:02 Caravan
30:27 Ballistics
39:10 Imperial Age
40:37 Elite Varangian Guard
42:41 Arson
43:21 Forging
43:11 Scale Mail Armor
43:19 Scale Barding Armor
44:19 Chemistry
45:04 Fortified Wall
44:36 Elite Berserk
45:17 Chieftains
45:18 Bogsveigar
44:58 Heavy Scorpion
45:16 Elite Longship
49:17 Iron Casting
48:57 Chain Mail Armor
49:03 Chain Barding Armor
48:54 Siphons
48:41 Guard Tower
49:03 Clinker Construction
54:11 Blast Furnace
53:41 Plate Mail Armor
84:20 Cavalier
84:22 Light Cavalry
karthiksandy19
14:51 Feudal Age
17:20 Wheelbarrow
24:57 Castle Age
24:46 Gold Mining
24:46 Stone Mining
25:14 Forging
25:10 Scale Barding Armor
25:06 Padded Archer Armor
25:14 Horse Collar
25:23 Double-Bit Axe
25:58 Hand Cart
26:43 Iron Casting
26:02 Fletching
27:06 Chain Barding Armor
28:39 Gold Shaft Mining
28:40 Stone Shaft Mining
28:28 Heavy Plow
30:13 Bloodlines
30:04 Husbandry
34:46 Imperial Age
34:10 Bodkin Arrow
34:39 Leather Archer Armor
42:49 Bracer
43:51 Blast Furnace
43:26 Plate Barding Armor
42:13 Cavalier
46:43 Ballistics
47:24 Chemistry
46:37 Careening
46:38 Clinker Construction
49:38 Shipwright
49:13 Murder Holes
49:53 Ring Archer Armor
63:50 Elite Chu Ko Nu
74:21 Caravan
79:20 Caravan
PIJAGORDA
12:47 Feudal Age
19:14 Castle Age
24:48 Redemption
25:39 Double-Bit Axe
28:35 Wheelbarrow
27:56 Gold Mining
27:57 Stone Mining
27:58 Horse Collar
29:14 Bow Saw
37:08 Imperial Age
34:48 Heavy Plow
38:27 Block Printing
38:35 Medium Warships
41:17 Pikeman
42:37 Hand Cart
42:14 Halberdier
43:51 Inquisition
44:32 Padded Archer Armor
44:46 Scale Mail Armor
45:58 Chemistry
45:24 Ballistics
47:31 Two-Man Saw
46:19 Loom
47:20 Bombard Tower
48:31 Conscription
49:06 Fishing Lines
51:50 Elite Skirmisher
55:30 Bloodlines
55:20 Husbandry
54:41 Light Cavalry
56:06 Fletching
56:32 Leather Archer Armor
56:32 Chain Mail Armor
56:23 Scale Barding Armor
56:28 Forging
57:22 Man-at-Arms
59:44 Theocracy
60:44 Fortified Wall
65:41 Iron Casting
65:27 Chain Barding Armor
65:37 Ring Archer Armor
65:34 Masonry
65:55 Cavalier
65:55 Hussar
66:01 Hussar
67:27 Cavalier
68:54 Bodkin Arrow
69:59 Blast Furnace
69:30 Plate Mail Armor
69:36 Plate Barding Armor
70:53 Thumb Ring
73:41 Long Swordsman
74:20 Two-Handed Swordsman
75:34 Architecture
78:02 Champion
78:30 Gambesons
78:45 Squires
78:31 Arson
81:42 Supremacy
83:36 Caravan
84:07 Coinage
83:48 Guilds
86:54 Paladin
88:12 Gillnets
88:23 Gillnets
91:39 Heavy Warships
91:23 Town Watch
92:42 Bracer
106:40 Sappers
110:33 Town Patrol
111:13 Banking
Connection lost

Rejoining the realm…

Still unreachable

The connection could not be restored.

Session expired

The server has moved on; the page needs a fresh start.